 Dungeon Crawl Stone Soup version 0.22-a0-161-g198051c (webtiles) character file.

89 HAL9000 the Sneak (level 4, -1/23 HPs)
             Began as a Vine Stalker Assassin on Feb 11, 2018.
             Slain by Graouh's ghost (12 damage)
             ... on level 3 of the Dungeon.
             The game lasted 00:06:20 (2810 turns).

HAL9000 the Sneak (Vine Stalker Assassin)           Turns: 2810, Time: 00:06:21

Health: -1/23      AC:  3    Str: 14 (15) XL:     4   Next: 55%
Magic:  0/5        EV: 11    Int:  8 (11) God:
Gold:   104        SH:  0    Dex: 15      Spells: 3/3 levels left

rFire    . . .     SeeInvis .   t - +1 dagger (venom)
rCold    . . .     Gourm    +   (no shield)
rNeg     . . .     Faith    .   k - +0 robe
rPois    .         Spirit   +   (no helmet)
rElec    .         Reflect  .   d - +0 cloak
rCorr    .         Harm     .   (no gloves)
MR       +....                  (no boots)
Stlth    +++.......             y - amulet of the gourmand
HPRegen  0.47/turn              x - ring of protection from magic
MPRegen  0.09/turn              (no ring)

@: no status effects
A: fangs 2, regeneration 1, magic shield, antimagic bite, no potion heal 3, rot
immunity
a: no special abilities


You were on level 3 of the Dungeon.
You were hungry.

You visited 1 branch of the dungeon, and saw 3 of its levels.

You collected 104 gold pieces.

Inventory:

Hand Weapons
 a - a +2 dagger
 b - a +0 blowgun
 c - a +2 hunting sling of freezing
 t - a +1 dagger of venom (weapon)
Missiles
 e - 36 poisoned needles
 f - 2 curare-tipped needles
 m - 62 stones
 n - 4 tomahawks (quivered)
 r - 5 needles of frenzy
Armour
 d - a +0 cloak (worn)
 k - a +0 robe (worn)
 u - a +0 cloak
Jewellery
 x - a ring of protection from magic (left hand)
 y - an amulet of the gourmand (around neck)
Scrolls
 l - 2 scrolls of noise {unknown}
 p - 2 scrolls of remove curse {unknown}
 q - a scroll of identify
 v - a scroll of enchant weapon {unknown}
Potions
 i - a potion of flight
 j - a potion of curing
Comestibles
 g - 8 rations
 w - 3 chunks of flesh


   Skills:
 - Level 1.7 Fighting
 + Level 4.2 Short Blades
 - Level 1.7 Throwing
 - Level 0.7 Dodging
 - Level 4.8 Stealth


You had 3 spell levels left.
You didn't know any spells.

Dungeon Overview and Level Annotations

Branches:
Dungeon (3/15)

Altars:
Qazlal
Uskayaw
Xom
The Shining One

Annotations:
D:3 Graouh's ghost, amateur MiFi


Innate Abilities, Weirdness & Mutations

You have extremely sharp teeth.
Your natural rate of healing is unusually fast.
When hurt, damage is shared between your health and your magic reserves.
Your bite disrupts and absorbs the magic of your enemies.
Potions cannot restore your health.
You are immune to rotting.


Message History

Found 11 gold pieces.
You hit Graouh's ghost but do no damage.
You bite Graouh's ghost, but do no damage.
Graouh's ghost misses you.
You hit Graouh's ghost but do no damage.
You bite Graouh's ghost. You drain its power.
Graouh's ghost is lightly damaged.
Graouh's ghost misses you.
You hit Graouh's ghost.
Graouh's ghost is lightly damaged.
You completely miss Graouh's ghost.
You bite Graouh's ghost, but do no damage.
Graouh's ghost is lightly damaged.
Graouh's ghost hits you. Graouh's ghost hits you!
Ouch! That really hurt!
You see here 11 gold pieces.
Graouh's ghost hits you!
Ouch! That really hurt!
You die...

#.##+##.....# #...............)
#...........# #.$..............
###.........# #........(....<..
#......######................
#......# #...................
#......# #...................
###......###...................
#.............W................
#.............@................
#.....##......<..........>.....
#...>.##.......................
#.....##.......###....#####.###
#.....##.......# #.†..# #.
#.....#####....###....# ##
####### #.............#
#.............# #.........((..#


You could see Graouh's ghost.

Vanquished Creatures
  2 adders
  A worm (D:2)
  3 dart slugs (D:2)
  2 leopard geckos (D:3)
  3 ball pythons
  5 bats
  6 giant cockroaches
  6 goblins
  8 hobgoblins
  3 jackals (D:2)
  8 kobolds
  3 frilled lizards
  6 rats
56 creatures vanquished.

Notes
Turn   | Place    | Note
-------+----------+-------------------------------------------
     0 | D:1      | HAL9000 the Vine Stalker Assassin began the quest for the Orb.
     0 | D:1      | Reached XP level 1. HP: 11/11 MP: 2/2
   516 | D:1      | Reached XP level 2. HP: 8/15 MP: 1/3
  1196 | D:2      | Reached XP level 3. HP: 18/18 MP: 4/4
  1679 | D:2      | Found a shimmering altar of Xom.
  1692 | D:2      | Found a stormy altar of Qazlal.
  1694 | D:2      | Found a hide-covered altar of Uskayaw.
  1696 | D:2      | Found a glowing golden altar of the Shining One.
  1738 | D:2      | Found a faded altar of an unknown god.
  1770 | D:2      | Gained mutation: Your natural rate of healing is unusually fast. [Vine Stalker growth]
  1770 | D:2      | Reached XP level 4. HP: 23/23 MP: 5/5
  2168 | D:3      | Noticed Graouh's ghost (amateur MiFi)
  2810 | D:3      | Slain by Graouh's ghost

Vault maps used:
D:1:      tarquinn_simple_flora_water_e, minivault_25
D:2:      minitemple, first_ration, chequers_ecumenical_altar_simple

Skill      XL: |  1  2  3  4 |
---------------+-------------+-----
Short Blades   | 2 3 4 |  4.2
Fighting       | |  1.7
Throwing       | |  1.7
Dodging        | |  0.7
Stealth        | |  4.8

Action                   |  1- 3 |  4- 6 || total
-------------------------+-------+-------++-------
Melee: Dagger            |    98 |    44 ||   142
       Bite              |    21 |    12 ||    33
 Fire: Hunting sling     |     5 |    18 ||    23
Throw: Tomahawk          |     4 |       ||     4
       Stone             |     1 |       ||     1
  Use: Scroll            |       |     2 ||     2
       Potion            |       |     1 ||     1
 Stab: Sleeping          |     9 |     2 ||    11
       Distracted        |     1 |       ||     1
  Eat: Chunk             |     3 |     2 ||     5
Armor: Robe              |    25 |    15 ||    40
Dodge: Dodged            |    43 |    30 ||    73

Table legend:
 A = Spawn XP
 B = Non-spawn XP
 C = Spawn XP percentage of total XP
 D = Spawn monster count
 E = Non-spawn monster count
 F = Spawn count percentage of total count
 G = Total turns spent on level
                    A         B        C        D         E        F      G
               +---------+---------+-------+---------+---------+-------+---------
         Total |       0 |     128 |   0.0 |       0 |      56 |   0.0 |  2810
               +---------+---------+-------+---------+---------+-------+---------
           D:1 |       0 |      28 |   0.0 |       0 |      18 |   0.0 |  1163
           D:2 |       0 |      68 |   0.0 |       0 |      27 |   0.0 |  1304
           D:3 |       0 |      32 |   0.0 |       0 |      11 |   0.0 |   343
               +---------+---------+-------+---------+---------+-------+---------
